 Dungeon Crawl Stone Soup version 0.16-a0-4008-gc88e425 (webtiles) character file.

131 tabulaattori the Chiller (level 5, -9/31 HPs)
             Began as an Octopode Ice Elementalist on Feb 16, 2015.
             Mangled by a gnoll
             ... wielding a +0 halberd
              (17 damage)
             ... on level 3 of the Dungeon.
             The game lasted 00:05:16 (2822 turns).

tabulaattori the Chiller (OpIE)                     Turns: 2822, Time: 00:05:17

Health: -9/31      AC:  1    Str:  7    XL:     5   Next: 14%
Magic:  12/12      EV: 12    Int: 18    God:
Gold:   101        SH:  0    Dex: 13    Spells: 2 memorised, 8 levels left

rFire  . . .     SeeInvis .     (no weapon)
rCold  . . .     Clarity  .     (no shield)
rNeg   . . .     SustAb   .     (helmet restricted)
rPois  .         Gourm    .     (no amulet)
rElec  .         Spirit   .     (no ring)
rCorr  .         Warding  .     (no ring)
rMut   .         Stasis   .     (no ring)
MR     .....                    (no ring)
Stlth  +++.......               (no ring)
                                (no ring)
                                (no ring)
                                (no ring)

@: not resistant to hostile enchantments, fairly stealthy
A: almost no armour, amphibious, 8 rings, constrict 8, camouflage 1, gelatinous
body 1
a: no special abilities


You were on level 3 of the Dungeon.
You were hungry.

You visited 1 branch of the dungeon, and saw 3 of its levels.

You collected 101 gold pieces.

Inventory:

Jewellery
 a - an uncursed ring of fire {unknown}
Magical devices
 n - a wand of random effects (16)
Scrolls
 d - a scroll of identify {unknown}
 g - a scroll of amnesia {unknown}
 h - a scroll of teleportation {unknown}
 j - 2 scrolls of fear {unknown}
 k - a scroll of immolation {unknown}
 o - a scroll of magic mapping {unknown}
 p - a scroll of remove curse {unknown}
Potions
 e - a potion of curing
Books
 b - a book of Frost

   Spells                             Type                      Level
   a - Freeze                         Ice                          1
   b - Throw Frost                    Conjuration/Ice              2
   c - Ozocubu's Armour               Charms/Ice                   3
   d - Throw Icicle                   Conjuration/Ice              4
   e - Summon Ice Beast               Ice/Summoning                4
   f - Condensation Shield            Ice                          4
Comestibles
 c - 2 bread rations
 f - a royal jelly
 i - a meat ration
 l - a beef jerky
 m - a chunk of flesh


   Skills:
 - Level 2.0 Dodging
 - Level 2.6 Stealth
 * Level 3.9 Spellcasting
 - Level 1.0 Conjurations
 + Level 4.2 Ice Magic


You had 8 spell levels left.
You knew the following spells:

 Your Spells              Type           Power        Failure   Level  Hunger
a - Freeze                Ice            ###.         2%          1    None
b - Throw Frost           Conj/Ice       ##....       10%         2    ##.....


Dungeon Overview and Level Annotations

Branches:
Dungeon (3/15)

Altars:
Okawaru


Innate Abilities, Weirdness & Mutations

You cannot wear most types of armour.
You are amphibious.
You can wear up to eight rings at the same time.
You can use your tentacles to constrict many enemies at once.
Your skin changes colour to match your surroundings (Stealth).
Your rubbery body absorbs attacks (AC +1).


Message History

A rat is nearby!
A rat is nearby! 4 gnolls come into view.
You strike the helpless gnoll from a blind spot!
You tentacle-slap the gnoll. Your grab misses the gnoll.
The gnoll is lightly wounded.
The gnoll barely misses you.
You tentacle-slap the gnoll. Your grab misses the gnoll.
The gnoll is lightly wounded.
The gnoll barely misses you. x2
You completely miss the gnoll. Your grab misses the gnoll.
The gnoll is lightly wounded.
The gnoll hits you from afar with a halberd!
The gnoll hits you with a halberd!
* * * LOW HITPOINT WARNING * * *
The gnoll misses you.
There is a stone staircase leading up here.
The gnoll hits you from afar with a halberd!
Ouch! That really hurt!
You die...

#######....#.##
...g.g........... #.......#
#g..###.# ##g...##.
#########g.....#.###.#
#.......#......#..##.#
#.......#g....###.##.#
#....@.gg÷#.###.......
###.......r)............
###.#####.###[#...........
#....#....###...#.........
###.#.##.#.###..###....)....
##...####...##...#
#........(
#....####..#######
#.....(..† #..........#
#......... ##..###....###
##........


You could see 3 gnolls and a rat.

Vanquished Creatures
  6 adders
  A worm (D:2)
  A giant gecko (D:2)
  2 orcs
  A ball python (D:1)
  8 hobgoblins
  3 jackals (D:3)
  10 kobolds
  A quokka (D:3)
  3 bats
  7 giant cockroaches
  2 giant newts
  12 goblins
  13 rats
70 creatures vanquished.

Notes
Turn   | Place    | Note
--------------------------------------------------------------
     0 | D:1      | tabulaattori, the Octopode Ice Elementalist, began the quest for the Orb.
     0 | D:1      | Reached XP level 1. HP: 11/11 MP: 3/3
   380 | D:1      | Reached XP level 2. HP: 17/17 MP: 1/5
  1262 | D:1      | Reached XP level 3. HP: 21/21 MP: 1/6
  1308 | D:1      | Learned a level 2 spell: Throw Frost
  1804 | D:2      | Reached XP level 4. HP: 23/27 MP: 2/9
  1970 | D:2      | Found an iron altar of Okawaru.
  2084 | D:2      | Reached skill level 4 in Ice Magic
  2585 | D:3      | Reached XP level 5. HP: 14/31 MP: 0/12
  2822 | D:3      | Mangled by a gnoll

Action                   |  1- 3 |  4- 6 || total
-------------------------+-------+-------++-------
Melee: Unarmed           |     9 |    36 ||    45
 Cast: Freeze            |    51 |    31 ||    82
       Throw Frost       |     5 |     9 ||    14
  Use: Potion            |       |     1 ||     1
 Stab: Sleeping          |       |     4 ||     4
       Distracted        |       |     1 ||     1
  Eat: Chunk             |     3 |     3 ||     6
